 Dungeon Crawl Stone Soup version 0.31-a0-968-g24f9ace8b5 (webtiles) character file.

Game seed: 15407165058541692910

65 Dordric the Cudgeller (level 4, 0/28 HPs)
             Began as a Gargoyle Fighter on Oct 27, 2023.
             Slain by a goblin
             ... wielding a +0 club
             ... led by Robin
              (2 damage)
             ... on level 3 of the Dungeon.
             The game lasted 00:02:45 (1379 turns).

Dordric the Cudgeller (Gargoyle Fighter)            Turns: 1379, Time: 00:02:46

Health: 0/28       AC: 16    Str: 22    XL:     4   Next: 14%
Magic:  4/4        EV:  8    Int:  8    God:
Gold:   39         SH:  4    Dex:  9    Spells: 3/3 levels left

rFire   . . .        a - +0 flail
rCold   . . .        c - +0 buckler
rNeg    + . .        f - +0 chain mail
rPois   ∞            g - +0 helmet
rElec   +            (no cloak)
rCorr   .            n - +0 pair of gloves
SInv    .            j - +0 pair of boots
Will    .....        (no amulet) Stlth
                     (no ring)
HPRegen 0.24/turn    (no ring)
MPRegen 0.09/turn

%: no passive effects
@: no status effects
A: sickness immunity, AC +3, negative energy resistance 1, electricity
resistance, torment resistance 1, petrification resistance
a: no special abilities


You were on level 3 of the Dungeon.
You visited 1 branch of the dungeon, and saw 3 of its levels.

You collected 39 gold pieces.

Inventory:

Hand Weapons
 a - a +0 flail (weapon)
Armour
 b - a +0 scale mail
 c - a +0 buckler (worn)
 f - a +0 chain mail (worn)
 g - a +0 helmet (worn)
 j - a +0 pair of boots (worn)
 n - a +0 pair of gloves (worn)
Scrolls
 l - a scroll of teleportation {unknown}
 p - a scroll of enchant armour {unknown}
Potions
 d - a potion of might
 e - a potion of heal wounds {unknown}
 h - 2 potions of degeneration {unknown}
 o - a potion of lignification {unknown}


   Skills:
 - Level 3.2 Fighting
 + Level 4.3 Maces & Flails
 - Level 3.2 Armour
 - Level 3.2 Shields


You had 3 spell levels left.
You didn't know any spells.
Your spell library was empty.

Dungeon Overview and Level Annotations

Branches:
Dungeon (3/15)

Altars:

Shops:
D:1 !(*(

Annotations:
D:3 Robin


Innate Abilities, Weirdness & Mutations

You are immune to sickness and miasma.
Your stone body is resilient. (AC +3)
You are immune to poison.
You resist negative energy. (rN+)
You are resistant to electric shocks. (rElec)
You are resistant to unholy torment.
You are immune to petrification.


Message History

You closely miss the goblin.
The goblin is moderately wounded.
The giant cockroach barely misses you. The goblin closely misses you.
Robin hits you from afar with a +0 spear.
* * * LOW HITPOINT WARNING * * *
The goblin hits you with a +0 club.
* * * LOW HITPOINT WARNING * * *
You block the goblin's attack.
The goblin hits you but does no damage. x2
The goblin closely misses you. The giant cockroach bites you.
* * * LOW HITPOINT WARNING * * *
You block the goblin's attack. Robin hits you but does no damage.
The goblin barely misses you. The goblin hits you but does no damage.
The goblin closely misses you. The goblin hits you but does no damage.
The goblin barely misses you.
You sock the goblin!
You kill the goblin!
You block the giant cockroach's attack. The goblin closely misses you.
The goblin hits you but does no damage.
Robin points. "Kill!"
Robin hits you but does no damage.
The goblin hits you but does no damage. x3
You hear the sound of rushing water.
There is an entrance to a sewer on this level.
Hurry and find it before the portal rusts away!
Level annotation: Robin Welcome back, Dordric the Gargoyle Fighter.
Press ? for a list of commands and other information.
As you read the scroll labelled WEEXUG JAME, it crumbles to dust.
It is a scroll of identify.
i - a scroll of blinking You block the giant cockroach's attack.
The goblin hits you but does no damage. x2
You block the goblin's attack. The hobgoblin hits you.
* * * LOW HITPOINT WARNING * * *
The goblin hits you but does no damage. The goblin completely misses you.
Blink to where?
Press: ? - help, Dir - move target
As you read the scroll of blinking, it crumbles to dust.
Robin throws the goblin at you! You block the hobgoblin's attack.
The giant cockroach bites you.
* * * LOW HITPOINT WARNING * * *
The goblin hits you with a +0 club.
You die...

## ### .. ..#
###. #.# ...>#.#
####..#.###
......)...######
.......ggg......
####.g#ggB.######
......gg@.......
####..###.g######
#.. #..# #. #..#
#. #..# . ....
#..## #..#


You could see Robin, a giant cockroach, 2 hobgoblins and 6 goblins.

Vanquished Creatures
  An adder (D:2)
  A worm (D:2)
  5 dart slugs
  3 orcs (D:2)
  4 endoplasms
  A giant cockroach (D:2)
  3 hobgoblins
  5 kobolds
  A quokka (D:1)
  2 ball pythons
  3 bats
  4 frilled lizards
  7 goblins
40 creatures vanquished.

Notes
Turn   | Place    | Note
-------+----------+-------------------------------------------
     0 | D:1      | Dordric the Gargoyle Fighter began the quest for the Orb.
     0 | D:1      | Reached XP level 1. HP: 14/14 MP: 1/1
   119 | D:1      | Found Tolo's General Store.
   119 | D:1      | Found Taibi's Weapon Shoppe.
   151 | D:1      | Found Zosk's Distillery.
   183 | D:1      | Reached XP level 2. HP: 19/19 MP: 2/2
   253 | D:1      | Reached skill level 3 in Maces & Flails
   445 | D:1      | Found Fyc Tiyrr's Weapon Boutique.
   869 | D:2      | Reached XP level 3. HP: 19/23 MP: 3/3
  1041 | D:2      | Found a faded altar of an unknown god.
  1108 | D:2      | Reached skill level 4 in Maces & Flails
  1196 | D:2      | Reached XP level 4. HP: 26/28 MP: 4/4
  1363 | D:3      | Noticed Robin
  1379 | D:3      | Slain by a goblin

Illustrated notes

Levels and vault maps discovered:
D:1:      wheals_arrival_shading, layout_loops_ring, serial_shops,
          nicolae_diamond_shop, shop, shop, shop, palyth_stone_intersect
D:2:      layout_rooms, shapermc_ecumenical_altar_mp_vishouse
D:3:      layout_basic, mainiacjoe_overflow_brackets, portal_sewer_entry_a,
          uniq_robin, uniq_terence, uniq_sigmund

Skill      XL: |  1  2  3 |
---------------+----------+-----
Maces & Flails | 3 4 |  4.3
Fighting       | |  3.2
Armour         | |  3.2
Shields        | |  3.2

Action                     |  1- 3 |  4- 6 || total
---------------------------+-------+-------++-------
  Melee: Flail             |    40 |    28 ||    68
         Short sword       |    36 |       ||    36
    Use: Scroll            |       |     2 ||     2
 Armour: Chain mail        |    51 |    82 ||   133
  Dodge: Dodged            |    22 |    29 ||    51
  Block: Buckler           |    15 |    25 ||    40

Table legend: (Time is in decaauts)
 A = Elapsed time spent in this place.
 B = Non-inter-level travel time spent in this place.
 C = Inter-level travel time spent in this place.
 D = Time resting spent in this place.
 E = Time spent auto-exploring this place.
 F = Levels seen in this place.
 G = Mean time per level.
                   A        B        C        D        E       F      G
               +--------+--------+--------+--------+--------+-----+--------+
         Total |   1396 |   1271 |    125 |      0 |    967 |   3 |  465.3 |
       Dungeon |   1396 |   1271 |    125 |      0 |    967 |   3 |  465.3 |
               +--------+--------+--------+--------+--------+-----+--------+

Top non-repeatable levels by time:
     D:1: 856 daAuts
     D:2: 515 daAuts
     D:3: 24 daAuts
